[Event "ICC tourney 1955 (60 10)"]
[Site "Internet Chess Club"]
[Date "2020.08.08"]
[Round "5"]
[White "tanker2"]
[Black "alphachesplayer"]
[Result "0-1"]
[ICCResult "White resigns"]
[WhiteElo "1854"]
[BlackElo "1798"]
[Opening "QGD: 4.Nf3"]
[ECO "D37"]
[NIC "QI.01"]
[Time "15:20:22"]
[TimeControl "3600+10"]

1. d4 Nf6 2. c4 e6 3. Nf3 d5 4. Nc3 dxc4 5. e3 Bb4 6. Bxc4 O-O 7. O-O b6 8.
a3 Bxc3 9. bxc3 Bb7 10. Be2 Nbd7 11. c4 c5 12. Bb2 Qe7 13. a4 a5 14. Ba3
Rfd8 15. Qb3 Ba6 16. Bd3 Qe8 17. d5 exd5 18. cxd5 Bxd3 19. Qxd3 Ne5 20. Nxe5
Qxe5 21. Qb5 Nxd5 22. Bb2 Qe6 23. Rfe1 Rac8 24. e4 Nb4 25. Rad1 Nc2 26.
Rxd8+ Rxd8 27. Rc1 Nd4 28. Qd3 h6 29. Qe3 Qa2 30. Bxd4 cxd4 31. Qd3 Qxa4 32.
Rb1 Qc6 33. Qa6 d3 34. Rd1 Qc3 35. Qxb6 Rc8 36. g3 Qc2 37. Qb1 Qxb1 38. Rxb1
d2 39. Kg2 Rc1 40. Rb8+ Kh7 {White resigns} 0-1

[Event "ICC tourney 1955 (60 10)"]
[Site "Internet Chess Club"]
[Date "2020.08.08"]
[Round "5"]
[White "andrewf2009"]
[Black "AlexEmmons"]
[Result "0-1"]
[ICCResult "White checkmated"]
[WhiteElo "1854"]
[BlackElo "2077"]
[Opening "Sicilian: Pelikan (Lasker/Sveshnikov) variation"]
[ECO "B33"]
[NIC "SI.35"]
[Time "15:19:58"]
[TimeControl "3600+10"]

1. e4 c5 2. Nf3 Nc6 3. d4 cxd4 4. Nxd4 Nf6 5. Nc3 e5 6. Ndb5 d6 7. Nd5 Nxd5
8. exd5 Nb8 9. c3 Be7 10. Bd3 a6 11. Na3 O-O 12. O-O f5 13. Nc2 Nd7 14. Qe2
f4 15. f3 Rf6 16. Qe4 Rh6 17. b4 Bh4 18. g3 Qg5 19. g4 Nf6 20. Qc4 Nxg4 21.
fxg4 Qxg4+ 22. Kh1 Bg3 23. Be2 Rxh2+ 24. Kg1 Bf2+ 25. Kxh2 Qg3+ 26. Kh1 Qh3#
{White checkmated}
0-1

[Event "ICC tourney 1955 (60 10)"]
[Site "Internet Chess Club"]
[Date "2020.08.08"]
[Round "5"]
[White "cdj12417489"]
[Black "corviknight"]
[Result "0-1"]
[ICCResult "White resigns"]
[WhiteElo "1299"]
[BlackElo "1779"]
[Opening "Scotch: Göring gambit"]
[ECO "C44"]
[NIC "SO.06"]
[Time "15:21:02"]
[TimeControl "3600+10"]

1. e4 e5 2. Nf3 Nc6 3. d4 exd4 4. c3 dxc3 5. Nxc3 Bb4 6. Bc4 Nge7 7. O-O O-O
8. Bb3 d6 9. Bd2 Ne5 10. a3 Bc5 11. Bg5 Bg4 12. h3 Nxf3+ 13. gxf3 Bxh3 14.
Re1 h6 15. Be3 Ng6 16. f4 Qh4 17. Qf3 Bg4 18. Qg2 Qh5 19. Bd1 Bxd1 20. Raxd1
Nh4 21. Kf1 Nxg2 22. Kxg2 Qg4+ 23. Kh2 Bxe3 24. fxe3 Rfe8 25. Rg1 Qh4+ 26.
Kg2 Re6 27. Kf3 Rg6 28. Rxg6 fxg6 29. Ke2 g5 30. fxg5 hxg5 31. Nd5 g4 32.
Nf4 Rf8 33. Rf1 Qh2+ 34. Rf2 g3 35. Rxh2 gxh2 {White resigns} 0-1

[Event "ICC tourney 1955 (60 10)"]
[Site "Internet Chess Club"]
[Date "2020.08.08"]
[Round "5"]
[White "saanvichess"]
[Black "advaith06"]
[Result "0-1"]
[ICCResult "White resigns"]
[WhiteElo "1645"]
[BlackElo "2029"]
[Opening "Sicilian"]
[ECO "B56"]
[NIC "SI.25"]
[Time "15:20:20"]
[TimeControl "3600+10"]

1. e4 c5 2. Nf3 Nc6 3. d4 cxd4 4. Nxd4 Nf6 5. Nc3 d6 6. Be3 Ng4 7. Bb5 Nxe3
8. fxe3 Bd7 9. O-O e6 10. Bxc6 bxc6 11. Qf3 Qf6 12. Qh5 Qg6 13. Qxg6 hxg6
14. Rad1 Be7 15. h3 Bf6 16. Rd3 Ke7 17. Rfd1 Rhd8 18. Nb3 Be8 19. a3 Rab8
20. Kf2 c5 21. R3d2 c4 22. Na5 Rxb2 23. Nxc4 Bxc3 24. Nxb2 Bxb2 25. Rd3 Ba4
26. R1d2 Bc1 27. Re2 Bb5 28. Rd1 Bxe2 29. Rxc1 Bb5 30. Rb1 Bc6 31. Rb4 Kd7
32. Ke2 a5 33. Rd4 e5 34. Rd2 Bxe4 35. Kf2 Rc8 36. Kg3 Rxc2 37. Rxc2 Bxc2
38. Kf3 d5 39. Ke2 Be4 40. g4 g5 41. Kf2 Kd6 42. Kg3 Kc5 {White resigns} 0-1

[Event "ICC tourney 1955 (60 10)"]
[Site "Internet Chess Club"]
[Date "2020.08.08"]
[Round "5"]
[White "PhenomenalChess"]
[Black "betterone76"]
[Result "1-0"]
[ICCResult "Black resigns"]
[WhiteElo "1719"]
[BlackElo "1810"]
[Opening "Sicilian: closed"]
[ECO "B24"]
[NIC "SI.44"]
[Time "15:19:58"]
[TimeControl "3600+10"]

1. e4 c5 2. Nc3 Nc6 3. g3 g6 4. Bg2 Bg7 5. f4 d6 6. Nf3 Nf6 7. h3 Nh5 8. Kf2
Nd4 9. Ne2 e5 10. Nfxd4 cxd4 11. d3 exf4 12. Nxf4 Nxf4 13. Bxf4 Be5 14. Qd2
O-O 15. Bh6 f5 16. Bxf8 Qxf8 17. Bf3 f4 18. g4 Be6 19. a3 Qe7 20. Kg2 Rc8
21. Rac1 Kh8 22. Qf2 Bf6 23. Qe2 Bh4 24. Qd2 h6 25. Qb4 h5 26. c3 Qg5 27.
Qxd4+ Kg8 28. Rcg1 hxg4 29. hxg4 Bxg4 30. Kf1 Bg3 31. Qh8+ Kf7 32. Rh7+ Ke6
33. Qxc8+ Kf6 34. Qd8+ {Black resigns} 1-0

[Event "ICC tourney 1955 (60 10)"]
[Site "Internet Chess Club"]
[Date "2020.08.08"]
[Round "5"]
[White "staxxknight"]
[Black "chessisthebest1"]
[Result "1-0"]
[ICCResult "Black checkmated"]
[WhiteElo "1861"]
[BlackElo "1879"]
[Opening "Sicilian: Smith-Morra gambit"]
[ECO "B21"]
[NIC "SI.48"]
[Time "15:21:12"]
[TimeControl "3600+10"]

1. e4 c5 2. d4 cxd4 3. c3 dxc3 4. Nxc3 e6 5. Nf3 Nc6 6. Bc4 d6 7. O-O Nf6 8.
Qe2 a6 9. Rd1 Qc7 10. Bf4 e5 11. Bg5 Be6 12. Bxf6 gxf6 13. a3 Rc8 14. Rac1
Qb8 15. Bd5 Ne7 16. Nh4 Nxd5 17. exd5 Bd7 18. Ne4 Be7 19. Qf3 f5 20. Nxf5
Bxf5 21. Qxf5 O-O 22. h4 Kh8 23. Nf6 Bxf6 24. Qxf6+ Kg8 25. Rd3 Rxc1+ 26.
Kh2 Rfc8 27. Qh6 f6 28. Rg3+ Kf7 29. Qxh7+ Ke8 30. Rg8# {Black checkmated}
1-0

[Event "ICC tourney 1955 (60 10)"]
[Site "Internet Chess Club"]
[Date "2020.08.08"]
[Round "5"]
[White "alecchung3"]
[Black "VishyNo1"]
[Result "1-0"]
[ICCResult "Black resigns"]
[WhiteElo "1928"]
[BlackElo "2024"]
[Opening "English opening"]
[ECO "A10"]
[NIC "EO.18"]
[Time "15:20:29"]
[TimeControl "3600+10"]

1. c4 d6 2. Nc3 e5 3. g3 g6 4. Bg2 Bg7 5. e4 Nc6 6. Nge2 Nf6 7. d3 O-O 8. h3
Ne8 9. Be3 f5 10. Qd2 Nf6 11. O-O Ne7 12. b4 c6 13. Rab1 Be6 14. c5 d5 15.
exd5 cxd5 16. d4 Ne4 17. Nxe4 dxe4 18. Rfd1 Bc4 19. Rbc1 Bd3 20. dxe5 Bxe5
21. Bh6 Re8 22. Nf4 Bxf4 23. Bxf4 Nc6 24. Qb2 Qd4 25. Qb3+ Kg7 26. Bd2 Qd7
27. Bc3+ Kf8 28. Bf1 Rad8 29. b5 Ne7 30. Ba5 b6 31. cxb6 axb6 32. Bxb6 Rb8
33. Be3 Red8 34. b6 Kg7 35. Bf4 Rb7 36. Rc7 Rxc7 37. bxc7 Rc8 38. Bxd3 exd3
39. Rxd3 Qc6 40. Rd8 Rxc7 41. Be5+ Kh6 42. Qe3+ g5 43. Rd6+ {Black resigns}
1-0

[Event "ICC tourney 1955 (60 10)"]
[Site "Internet Chess Club"]
[Date "2020.08.08"]
[Round "5"]
[White "MysteryHunter"]
[Black "VeronicaG"]
[Result "1/2-1/2"]
[ICCResult "Game drawn by repetition"]
[WhiteElo "1684"]
[BlackElo "1815"]
[Opening "Caro-Kann: Tartakower (Nimzovich) variation"]
[ECO "B15"]
[NIC "CK.06"]
[Time "15:20:30"]
[TimeControl "3600+10"]

1. e4 c6 2. d4 d5 3. Nc3 dxe4 4. Nxe4 Nf6 5. Nxf6+ exf6 6. c3 Bd6 7. Bd3 O-O
8. Ne2 Re8 9. Be3 Nd7 10. Qc2 Nf8 11. O-O-O Be6 12. b3 b5 13. h4 a5 14. Rdg1
Qc7 15. g4 Bd5 16. Rh3 Bh2 17. Re1 Bg2 18. Rxh2 Qxh2 19. h5 Qd6 20. Rg1 Bf3
21. g5 Bxh5 22. gxf6 Qxf6 23. Nf4 Bg6 24. Nxg6 Nxg6 25. Qd2 Qd6 26. f4 b4
27. c4 Rxe3 28. Qxe3 Qxf4 29. Qxf4 Nxf4 30. Kd2 Nxd3 31. Kxd3 Re8 32. Rg5
Ra8 33. Rc5 Ra6 34. d5 Kf8 35. dxc6 Ra8 36. c7 Rc8 37. Rxa5 Rxc7 38. Rb5 Ra7
39. Rxb4 Rxa2 40. Rb8+ Ke7 41. Rb7+ Ke6 42. Rb6+ Kf5 43. c5 Ra8 44. Rb7 Ke6
45. c6 Rc8 46. b4 Rxc6 47. b5 Rc8 48. b6 h5 49. Ra7 Rb8 50. b7 Kd6 51. Ra5
g6 52. Rb5 Kc6 53. Rb1 Rxb7 54. Rf1 Kd5 55. Ke3 f5 56. Kf4 Ke6 57. Kg5 Kf7
58. Ra1 Re7 59. Ra6 Re6 60. Ra7+ Ke8 61. Rb7 Kd8 62. Ra7 Ke8 63. Rb7 Kf8 64.
Ra7 Re7 65. Ra6 f4 66. Kxg6 f3 67. Rf6+ Kg8 68. Rxf3 h4 69. Rh3 Re4 70. Kg5
Kg7 71. Rxh4 Re5+ 72. Kf4 Ra5 73. Rg4+ Kf6 74. Kg3 Ra3+ 75. Kh4 Kf5 76. Rg5+
Kf6 77. Rg4 Rf3 78. Rg3 Rf2 79. Kg4 Ke5 80. Rf3 Rg2+ 81. Rg3 Re2 82. Rf3
Re4+ 83. Kg3 Re1 84. Kf2 Ra1 85. Re3+ Kf4 86. Rf3+ Kg4 87. Rg3+ Kh4 88. Rg1
Ra2+ 89. Kf3 Ra3+ 90. Kf4 Ra4+ 91. Kf3 Ra3+ 92. Kf4 Ra4+ 93. Kf3 Ra3+ 94.
Kf4 Ra4+ 95. Kf3 Ra3+ 96. Kf4 Ra4+ 97. Kf3 Ra3+ 98. Kf4 Ra4+ 99. Kf3 Ra3+
100. Kf4 {Game drawn by repetition} 1/2-1/2

[Event "ICC tourney 1955 (60 10)"]
[Site "Internet Chess Club"]
[Date "2020.08.08"]
[Round "5"]
[White "aarushnaveen"]
[Black "RisingRook"]
[Result "1-0"]
[ICCResult "Black resigns"]
[WhiteElo "1698"]
[BlackElo "1914"]
[Opening "Sicilian: Taimanov variation"]
[ECO "B48"]
[NIC "SI.40"]
[Time "15:20:39"]
[TimeControl "3600+10"]

1. e4 c5 2. Nf3 e6 3. d4 cxd4 4. Nxd4 Nc6 5. Nc3 Qc7 6. Be3 a6 7. Bd3 Ne5 8.
O-O Nf6 9. h3 Bb4 10. f4 Nc4 11. Bxc4 Qxc4 12. Qd3 Qxd3 13. cxd3 d6 14. a3
Ba5 15. b4 Bc7 16. Rfc1 Kd8 17. Rc2 Bd7 18. Rac1 Rc8 19. g4 h6 20. Kf2 Ke7
21. a4 g5 22. fxg5 hxg5 23. Nf3 Rxh3 24. Bxg5 Rg8 25. e5 dxe5 26. Bxf6+ Kxf6
27. Ne4+ Ke7 28. Rxc7 Rd8 29. Nxe5 Rh2+ 30. Kg3 Re2 31. Rxb7 f5 32. Nc6+ Ke8
33. Nd6+ {Black resigns} 1-0

[Event "ICC tourney 1955 (60 10)"]
[Site "Internet Chess Club"]
[Date "2020.08.08"]
[Round "5"]
[White "BirchRun"]
[Black "LoopyLoop"]
[Result "1-0"]
[ICCResult "Black checkmated"]
[WhiteElo "1890"]
[BlackElo "1629"]
[Opening "Queen's pawn: London system"]
[ECO "A45"]
[NIC "QP.07"]
[Time "15:21:00"]
[TimeControl "3600+10"]

1. d4 Nf6 2. Bf4 d5 3. e3 c5 4. c3 Nc6 5. Nd2 cxd4 6. exd4 Bf5 7. Ngf3 h6 8.
Qa4 Nh5 9. Be3 Bd7 10. Qb3 e6 11. Be2 Qc7 12. O-O f5 13. Nh4 Nf6 14. Ng6 Rg8
15. Nxf8 Kxf8 16. Nf3 g5 17. Bb5 f4 18. Bxc6 bxc6 19. Bc1 Ne4 20. Qa3+ Ke8
21. Ne5 c5 22. Nxd7 Qxd7 23. dxc5 Qc7 24. b4 g4 25. Qa4+ Kd8 26. c4 g3 27.
fxg3 fxg3 28. h3 Qg7 29. Qa5+ Kc8 30. Qa6+ Kd8 31. Be3 Qc3 32. Rae1 Nf2 33.
Qd6+ Kc8 34. Qxe6+ Kd8 35. Qxg8+ Kd7 36. Qxd5+ Kc7 37. Bf4+ Kc8 38. Re8#
{Black checkmated}
1-0

[Event "ICC tourney 1955 (60 10)"]
[Site "Internet Chess Club"]
[Date "2020.08.08"]
[Round "5"]
[White "cprovince"]
[Black "Mulan2009"]
[Result "1-0"]
[ICCResult "Black resigns"]
[WhiteElo "1900"]
[BlackElo "1595"]
[Opening "QGD: Marshall defense"]
[ECO "D06"]
[NIC "QP.08"]
[Time "15:20:04"]
[TimeControl "3600+10"]

1. d4 d5 2. c4 Nf6 3. cxd5 Nxd5 4. e4 Nf6 5. Nc3 e6 6. Nf3 Bb4 7. Bd3 c5 8.
dxc5 Bxc5 9. O-O Nc6 10. Qe2 e5 11. Bb5 Qc7 12. Nd5 Qb8 13. Nxf6+ gxf6 14.
Qc4 Qd6 15. Bh6 Be6 16. Qc2 Ke7 17. Rac1 b6 18. Bxc6 Qxc6 19. b4 Rac8 20.
bxc5 Qxc5 21. Qxc5+ Rxc5 22. Rxc5 bxc5 23. Be3 c4 24. Bxa7 Ra8 25. Bc5+ Ke8
26. a3 Rc8 27. Bb4 Bg4 28. Rc1 Bxf3 29. gxf3 Rc6 30. Kg2 Kd7 31. Kg3 Kc7 32.
f4 Kb6 33. h4 Kb5 34. f3 h5 35. f5 Ka4 36. Rc3 Kb5 37. f4 Rc7 38. fxe5 fxe5
39. Bd6 Rd7 40. Bxe5 Rd3+ 41. Rxd3 cxd3 42. Bc3 Ka4 43. Bb4 Kb3 44. Kf4 Kc2
45. e5 d2 46. Bxd2 Kxd2 47. e6 fxe6 48. fxe6 Kc3 49. e7 Kb3 50. e8=Q Kxa3
51. Qb5 Ka2 52. Ke3 Ka1 53. Kd2 Ka2 54. Kc2 {Black resigns} 1-0

[Event "ICC tourney 1955 (60 10)"]
[Site "Internet Chess Club"]
[Date "2020.08.08"]
[Round "5"]
[White "Aarush37"]
[Black "Eric1127"]
[Result "1-0"]
[ICCResult "Black resigns"]
[WhiteElo "1857"]
[BlackElo "1645"]
[Opening "Scotch: Blumenfeld attack"]
[ECO "C45"]
[NIC "SO.05"]
[Time "15:20:41"]
[TimeControl "3600+10"]

1. e4 e5 2. Nf3 Nc6 3. d4 exd4 4. Nxd4 Bc5 5. Be3 Qf6 6. Nb5 Bxe3 7. fxe3
Qe5 8. N1c3 a6 9. Nd4 Nf6 10. Nf3 Qe7 11. Bd3 d6 12. Qd2 Be6 13. O-O O-O 14.
Nd4 Ne5 15. Nf5 Qd7 16. Qe1 Kh8 17. Qh4 Ng6 18. Qg5 Bxf5 19. Rxf5 Rae8 20.
Raf1 c6 21. h4 Ne5 22. h5 h6 23. Qh4 Re6 24. Ne2 Neg4 25. R1f3 Re5 26. Ng3
Qe6 27. b3 b5 28. R5f4 d5 29. exd5 cxd5 30. Nf5 g5 31. hxg6 fxg6 32. Nd4 Qe8
33. Rxg4 Nxg4 34. Qxg4 Rxe3 35. Bxg6 Re1+ 36. Kh2 Qe5+ 37. g3 Re2+ 38. Kh3
Rf2 39. Rxf8+ Rxf8 40. Qd7 Qg7 41. Qxg7+ Kxg7 42. Ne6+ Kxg6 43. Nxf8+ Kf5
44. Nd7 Ke4 45. Nc5+ Kd4 46. Nxa6 Kc3 47. Kh4 Kxc2 48. Nc5 Kc3 49. Kh5 Kb4
50. Ne6 Ka3 51. Kxh6 Kxa2 52. g4 Kxb3 53. g5 Ka3 54. g6 b4 55. g7
{Black resigns}
1-0

[Event "ICC tourney 1955 (60 10)"]
[Site "Internet Chess Club"]
[Date "2020.08.08"]
[Round "5"]
[White "Chessnutt2014"]
[Black "investigator"]
[Result "0-1"]
[ICCResult "White resigns"]
[WhiteElo "1939"]
[BlackElo "2132"]
[Opening "King's Indian: fianchetto, Uhlmann (Szabo) variation"]
[ECO "E62"]
[NIC "KI.72"]
[Time "15:20:29"]
[TimeControl "3600+10"]

1. d4 Nf6 2. Nf3 g6 3. g3 Bg7 4. Bg2 O-O 5. c4 d6 6. O-O Nc6 7. Nc3 e5 8. d5
Nb8 9. e4 a5 10. Ne1 Na6 11. Nd3 Nd7 12. f4 f5 13. Be3 Nac5 14. Nxc5 Nxc5
15. fxe5 Bxe5 16. Qd2 b6 17. Rae1 Ba6 18. b3 Qf6 19. Rc1 Rae8 20. Bg5 Qh8
21. Bh6 Bg7 22. exf5 Bxh6 23. Qxh6 Qd4+ 24. Kh1 gxf5 25. Qg5+ Kh8 26. Rxf5
Nd3 27. Rcf1 Nf2+ 28. R1xf2 Rxf5 29. Qxf5 Qxc3 30. Be4 Qe1+ 31. Rf1 Qxe4+
32. Qxe4 Rxe4 33. Rf7 Re1+ 34. Kg2 Re2+ 35. Kf3 Rxa2 36. Rxc7 Rb2 37. Rc6
Rxb3+ 38. Kf4 Bxc4 39. Rxc4 Rb4 40. Rxb4 axb4 41. Ke4 Kg7 42. Kd3 Kf6 43. g4
Ke5 44. Kc4 b3 45. Kxb3 Kxd5 46. h4 Ke5 47. Kc4 Kf4 48. Kb5 Kxg4 49. Kxb6
Kxh4 50. Kc6 Kg3 51. Kxd6 {White resigns} 0-1

[Event "ICC tourney 1955 (60 10)"]
[Site "Internet Chess Club"]
[Date "2020.08.08"]
[Round "5"]
[White "ryanwang"]
[Black "tongchen"]
[Result "1-0"]
[ICCResult "Black checkmated"]
[WhiteElo "1866"]
[BlackElo "1958"]
[Opening "French: Tarrasch, closed variation, main line"]
[ECO "C06"]
[NIC "FR.17"]
[Time "15:20:13"]
[TimeControl "3600+10"]

1. e4 e6 2. d4 d5 3. Nd2 Nf6 4. e5 Nfd7 5. Bd3 c5 6. c3 Nc6 7. Ne2 cxd4 8.
cxd4 f6 9. exf6 Nxf6 10. Nf3 Bd6 11. O-O Qc7 12. Bg5 O-O 13. Nc3 a6 14. Bh4
Nh5 15. Bg3 Nxg3 16. hxg3 Bd7 17. Rc1 Rf6 18. Ne2 Raf8 19. Ng5 g6 20. Qd2
Qb6 21. Bb1 Ne7 22. Nf3 Bb5 23. b3 a5 24. Bd3 Bb4 25. Qd1 Nc6 26. Bxb5 Qxb5
27. Nc3 Bxc3 28. Rxc3 Qb4 29. Re3 Ne7 30. Qe1 Qb6 31. Ne5 Rd8 32. Ng4 Rff8
33. Rxe6 Qxd4 34. Nh6+ Kg7 35. Rxe7+ Kxh6 36. Qc1+ g5 37. Qc7 Qh8 38. g4 d4
39. Qh2+ Kg6 40. Qh5+ Kf6 41. Rfe1 Rd6 42. Qh6# {Black checkmated} 1-0

[Event "ICC tourney 1955 (60 10)"]
[Site "Internet Chess Club"]
[Date "2020.08.08"]
[Round "5"]
[White "Sricharan07"]
[Black "kaiclc"]
[Result "1-0"]
[ICCResult "Black resigns"]
[WhiteElo "1913"]
[BlackElo "2042"]
[Opening "French: Tarrasch, closed variation, main line"]
[ECO "C06"]
[NIC "FR.17"]
[Time "15:21:06"]
[TimeControl "3600+10"]

1. e4 e6 2. d4 d5 3. Nd2 Nf6 4. e5 Nfd7 5. Bd3 c5 6. c3 Nc6 7. Ne2 cxd4 8.
cxd4 f6 9. exf6 Nxf6 10. Nf3 Bd6 11. O-O O-O 12. Bf4 Bxf4 13. Nxf4 Ne4 14.
Qc1 Ng5 15. Nxg5 Qxg5 16. Ne2 Qxc1 17. Raxc1 Bd7 18. f4 Nb4 19. Bb1 Bb5 20.
Rce1 Nc6 21. g3 Bxe2 22. Rxe2 Nxd4 23. Re3 Rae8 24. Rd1 Nc6 25. Rde1 Kf7 26.
g4 g6 27. Kg2 Nd8 28. Kg3 Ke7 29. f5 gxf5 30. Bxf5 d4 31. R3e2 Kd6 32. Bxh7
e5 33. Bf5 b6 34. h4 Nb7 35. b4 a5 36. a3 axb4 37. axb4 Re7 38. h5 Kd5 39.
Be4+ Kc4 40. Bxb7 Rxb7 41. Rxe5 Kxb4 42. g5 d3 43. g6 d2 44. Rd1 Rd7 45. Re2
Kc3 46. Rexd2 Rxd2 47. Rxd2 Kxd2 48. g7 Rg8 49. h6 b5 50. Kf2 b4 51. h7 Rxg7
52. h8=Q Rd7 53. Qb2+ Kd3 54. Qxb4 Rd4 55. Qb3+ Ke4 56. Ke2 Kf5 57. Ke3 Re4+
58. Kd3 Re6 59. Qd5+ Kf6 60. Kd4 Ke7 61. Qg5+ Kd6 62. Qd8+ Kc6 63. Qc8+ Kd6
64. Qb7 Re8 65. Qb6+ Ke7 66. Ke5 Kd7+ 67. Kd5 Rd8 68. Qb7+ Ke8+ 69. Ke6
{Black resigns}
1-0

[Event "ICC tourney 1955 (60 10)"]
[Site "Internet Chess Club"]
[Date "2020.08.08"]
[Round "5"]
[White "peekaboopenguin"]
[Black "kabirahmed"]
[Result "0-1"]
[ICCResult "White checkmated"]
[WhiteElo "1693"]
[BlackElo "1945"]
[Opening "Owen defense"]
[ECO "B00"]
[NIC "VO.02"]
[Time "15:19:58"]
[TimeControl "3600+10"]

1. e4 b6 2. d4 Bb7 3. Bd3 Nf6 4. Nc3 e6 5. Nf3 Bb4 6. e5 Ne4 7. Bd2 Nxd2 8.
Qxd2 c5 9. dxc5 Bxc5 10. Ne4 Qe7 11. Nxc5 bxc5 12. Ng5 Nc6 13. f4 d6 14.
exd6 Qxd6 15. Ne4 Qd4 16. c3 Qd5 17. Qe2 O-O-O 18. Bc4 Qf5 19. g4 Qxf4 20.
Nxc5 Ne5 21. Ba6 Nf3+ 22. Kf1 Nxh2+ 23. Ke1 Qg3+ 24. Qf2 Nf3+ 25. Kf1 Bxa6+
26. Nxa6 Nd2+ 27. Ke1 Qe5+ 28. Qe2 Qf4 29. Nc5 Nf3+ 30. Kf1 Nh2+ 31. Ke1
Qg3+ 32. Qf2 Qxf2+ 33. Kxf2 Nxg4+ 34. Kg3 h5 35. Raf1 Rdf8 36. Rf3 e5 37.
Rhf1 f6 38. Nd3 e4 39. Rf4 exd3 40. Rd4 Rd8 41. Rd1 Rxd4 42. cxd4 g5 43.
Rxd3 f5 44. d5 h4+ 45. Kg2 Kd7 46. b4 Ne5 47. Re3 Kd6 48. a4 g4 49. b5 h3+
50. Kg3 h2 51. Re1 h1=Q 52. Rxh1 Rxh1 53. Kf4 Rf1+ 54. Kg3 f4+ 55. Kg2 Rb1
56. Kf2 Rb2+ 57. Kf1 g3 58. Kg1 g2 59. a5 Nf3# {White checkmated} 0-1

[Event "ICC tourney 1955 (60 10)"]
[Site "Internet Chess Club"]
[Date "2020.08.08"]
[Round "5"]
[White "aquilesboy"]
[Black "TeeKay2020"]
[Result "1/2-1/2"]
[ICCResult "Game drawn because neither player has mating material"]
[WhiteElo "1946"]
[BlackElo "1782"]
[Opening "English: Neo-Catalan accepted"]
[ECO "A13"]
[NIC "RE.10"]
[Time "15:19:59"]
[TimeControl "3600+10"]

1. Nf3 e6 2. c4 d5 3. g3 Nf6 4. Bg2 dxc4 5. Qa4+ Bd7 6. Qxc4 Bc6 7. O-O Be7
8. d4 O-O 9. Nc3 Nbd7 10. Qd3 Nb6 11. e4 Bb4 12. Ne5 Be8 13. Rd1 Qe7 14. a3
Bxc3 15. Qxc3 Rc8 16. Be3 Nbd7 17. Nd3 b6 18. Nb4 c5 19. e5 cxb4 20. Qxc8
Nd5 21. Qc4 bxa3 22. bxa3 Nxe3 23. fxe3 Nb8 24. Rdc1 Qg5 25. Rc3 Bd7 26.
Rac1 f6 27. Bh3 f5 28. d5 Qe7 29. d6 Qg5 30. Qf4 Qxf4 31. gxf4 Na6 32. Kf2
Nc5 33. Rxc5 bxc5 34. Rxc5 Rc8 35. Rc7 Rxc7 36. dxc7 Kf8 37. Bg2 Bc8 38. Bc6
Ke7 39. Ke1 h6 40. h4 g5 41. fxg5 hxg5 42. hxg5 Kf7 43. Kf2 Kg6 44. Kg3 Kxg5
45. Be8 a6 46. Bc6 a5 47. Be8 Kh6 48. Kh4 Kg7 49. Kg5 Kf8 50. Bc6 Kg7 51.
Bb5 Kf7 52. Kh6 Ke7 53. Bc6 Kf7 54. Kh7 Kf8 55. Kg6 Ke7 56. Kg5 Kf7 57. Kf4
Kg6 58. Kg3 Kg5 59. Be8 Kh6 60. Kh4 Kg7 61. Kg5 Kf8 62. Bc6 Kg7 63. e4 fxe4
64. Bxe4 Kf7 65. Bc6 Kg7 66. Ba4 Kf7 67. Kf4 Kg6 68. Bc2+ Kf7 69. Ke3 Ke7
70. Ba4 Bd7 71. Bc2 Bc8 72. Ba4 Bd7 73. Bxd7 Kxd7 74. Kd4 Kxc7 75. Kc5 a4
76. Kb5 Kb7 77. Kxa4 Kc6 78. Kb4 Kd5 79. a4 Kxe5 80. a5 Kd6 81. Kb5 Kc7 82.
Kc5 Kb7 83. Kd6 Ka6 84. Kxe6 Kxa5
{Game drawn because neither player has mating material}
1/2-1/2

[Event "ICC tourney 1955 (60 10)"]
[Site "Internet Chess Club"]
[Date "2020.08.08"]
[Round "5"]
[White "MrNormalName"]
[Black "zappower"]
[Result "0-1"]
[ICCResult "White resigns"]
[WhiteElo "2157"]
[BlackElo "1472"]
[Opening "Grünfeld: exchange, Spassky variation"]
[ECO "D87"]
[NIC "GI.05"]
[Time "15:20:54"]
[TimeControl "3600+10"]

1. d4 Nf6 2. c4 g6 3. Nc3 d5 4. cxd5 Nxd5 5. e4 Nxc3 6. bxc3 Bg7 7. Bc4 c5
8. Ne2 O-O 9. O-O Nc6 10. Be3 Qc7 11. Rc1 Rd8 12. d5 Ne5 13. Bd3 c4 14. Bc2
e6 15. Nf4 b6 16. Qe2 Qe7 17. dxe6 fxe6 18. Nh3 Bb7 19. Bg5 Bf6 20. f4 Nd3
21. Rcd1 Bxg5 22. Nxg5 Nxf4 23. Rxf4 Qxg5 24. Rdf1 Rf8 25. Qe3 Rxf4 26. Rxf4
Qe5 27. Rf1 Rf8 28. Rd1 Rf7 29. h3 Kg7 30. a4 Bc6 31. Rd4 Qf6 32. Rd1 e5 33.
Qe2 h5 34. Qe3 h4 35. Qe2 Qf4 36. Rd6 Qc1+ 37. Rd1 Qf4 38. Rd6 Bd7 39. Qd2
Qxd2 40. Rxd2 Be6 41. Kh2 Rf1 42. Bd1 Kf6 43. g3 hxg3+ 44. Kxg3 Rg1+ 45. Kf2
Rh1 46. Kg2 Rxh3 47. Rd6 Rd3 48. Rxd3 cxd3 49. Kf3 Kg5 50. Ke3 Bc4 51. a5
bxa5 52. Bb3 Bxb3 53. Kxd3 Kf4 {White resigns} 0-1

[Event "ICC tourney 1955 (60 10)"]
[Site "Internet Chess Club"]
[Date "2020.08.08"]
[Round "5"]
[White "amp1997"]
[Black "smilingfloor"]
[Result "0-1"]
[ICCResult "White checkmated"]
[WhiteElo "2058"]
[BlackElo "1957"]
[Opening "Sicilian"]
[ECO "B56"]
[NIC "SI.25"]
[Time "15:20:38"]
[TimeControl "3600+10"]

1. e4 c5 2. Nf3 d6 3. d4 cxd4 4. Nxd4 Nf6 5. Nc3 Nc6 6. f3 e5 7. Nb3 Be7 8.
Be3 O-O 9. Qd2 a5 10. a4 Nb4 11. Bc4 Qc7 12. Bd3 Be6 13. Nb5 Qd8 14. Nc1 d5
15. Ne2 dxe4 16. fxe4 Ng4 17. Nec3 Nxe3 18. Qxe3 Rc8 19. Qf3 Bh4+ 20. g3 Bg5
21. h4 Bh6 22. g4 f6 23. Rd1 Qb6 24. Ke2 Rfd8 25. Rhg1 Bf4 26. g5 fxg5 27.
hxg5 Rf8 28. Nd5 Bxd5 29. exd5 Bh2 30. Qe3 Qxe3+ 31. Kxe3 Bxg1+ 32. Rxg1
Nxd5+ 33. Ke4 Nb4 34. Kxe5 Nxc2 35. Rg3 Nb4 36. Be4 Rce8+ 37. Kd4 Rf4 38.
Nd6 Re6 39. Rc3 Nc6+ 40. Kd5 Re5+ 41. Kc4 Rfxe4+ 42. Nxe4 Rxe4+ 43. Kb3 Rb4+
44. Ka3 Kf7 45. Rc5 Rg4 46. Rb5 Rb4 47. Rd5 Kg6 48. Rc5 h6 49. gxh6 gxh6 50.
Rd5 h5 51. Rd6+ Kg5 52. Rd5+ Kg4 53. Rd7 h4 54. Rg7+ Kh3 55. Rg5 Kh2 56. Rh5
Kg3 57. Rg5+ Rg4 58. Rb5 h3 59. Rxb7 h2 60. Rh7 Rh4 61. Rg7+ Kh3 62. b4 h1=Q
63. Rc7 axb4+ 64. Kb3 Na5+ 65. Ka2 b3+ 66. Kb2 Qg2+ 67. Kb1 Qa2+ 68. Kc1
Rc4+ 69. Rxc4 Nxc4 70. Kd1 Qd2# {White checkmated} 0-1

[Event "ICC tourney 1955 (60 10)"]
[Site "Internet Chess Club"]
[Date "2020.08.08"]
[Round "5"]
[White "AHSRULES"]
[Black "chessmate09520"]
[Result "0-1"]
[ICCResult "White checkmated"]
[WhiteElo "1821"]
[BlackElo "2085"]
[Opening "Sicilian: accelerated fianchetto, modern variation with Bc4"]
[ECO "B35"]
[NIC "SI.33"]
[Time "15:21:14"]
[TimeControl "3600+10"]

1. e4 c5 2. Nf3 Nc6 3. d4 cxd4 4. Nxd4 g6 5. Nc3 Bg7 6. Be3 Nf6 7. Bc4 O-O
8. f3 Re8 9. Qd2 e6 10. O-O-O d5 11. Bb5 Qc7 12. Bxc6 bxc6 13. g4 e5 14.
Nxc6 Qxc6 15. exd5 Qb7 16. g5 Nd7 17. Ne4 Qc7 18. h4 Nf8 19. Bc5 Bf5 20.
Bxf8 Rxf8 21. h5 Rfd8 22. hxg6 Bxg6 23. Rh2 Qc4 24. Nf6+ Bxf6 25. gxf6 Rd6
26. b3 Qa6 27. Kb2 Rxf6 28. Rdh1 Qb6 29. c3 Rxf3 30. Qg2 Qe3 31. Ka3 Qxc3
32. Rxh7 Qc5+ 33. Ka4 Rf4+ 34. b4 Qxb4# {White checkmated} 0-1

[Event "ICC tourney 1955 (60 10)"]
[Site "Internet Chess Club"]
[Date "2020.08.08"]
[Round "5"]
[White "kingsac1234"]
[Black "Leolix"]
[Result "1-0"]
[ICCResult "Black resigns"]
[WhiteElo "2164"]
[BlackElo "1939"]
[Opening "Sicilian: Taimanov (Bastrikov) variation"]
[ECO "B47"]
[NIC "SI.40"]
[Time "15:20:54"]
[TimeControl "3600+10"]

1. e4 c5 2. Nf3 e6 3. d4 cxd4 4. Nxd4 Nc6 5. Nc3 Qc7 6. Nxc6 bxc6 7. Bd3 d5
8. O-O Nf6 9. f4 Be7 10. Qf3 O-O 11. Rb1 d4 12. Ne2 c5 13. b3 Bb7 14. Ng3
Rfd8 15. Bd2 a5 16. a4 Bc6 17. Rbe1 Qb7 18. Re2 Ne8 19. Qg4 Nf6 20. Qh3 g6
21. f5 exf5 22. exf5 Bd5 23. Bg5 Rd6 24. Qh4 Rf8 25. Rf4 Kh8 26. fxg6 fxg6
27. Bxg6 Bd8 28. Ref2 Qg7 29. Nf5 Qxg6 30. Nxd6 Kg7 31. Nf5+ Kh8 32. Ng3 Kg7
33. Bxf6+ Bxf6 34. Rxf6 Rxf6 35. Rxf6 Qe8 36. Qg5+ Kh8 37. Qxd5 d3 38. Qxd3
c4 39. bxc4 Qe7 40. Rd6 Qe1+ 41. Nf1 Qg3 42. Qxg3 {Black resigns} 1-0